 Dungeon Crawl Stone Soup version 0.29.1-2-gbd0b4ee654 (webtiles) character file.

Game seed: 3448497623382790834

83 nshep25 the Covered (level 4, 0/40 HPs)
             Began as a Minotaur Fighter on Oct 26, 2022.
             Slain by a gnoll
             ... wielding a +0 halberd
              (6 damage)
             ... on level 3 of the Dungeon.
             The game lasted 00:03:44 (1703 turns).

nshep25 the Covered (Minotaur Fighter)              Turns: 1703, Time: 00:03:45

Health: 0/40       AC:  8    Str: 22    XL:     4   Next: 22%
Magic:  3/3        EV:  9    Int:  5    God:
Gold:   124        SH:  4    Dex: 10    Spells: 3/3 levels left

rFire   . . .      SeeInvis .   a - +0 war axe
rCold   . . .      Faith    .   c - +0 buckler
rNeg    . . .      Spirit   .   b - +0 scale mail
rPois   .          Reflect  .   (helmet restricted)
rElec   .          Harm     .   (no cloak)
rCorr   .          Rampage  .   (no gloves)
Will    .....                   m - +0 pair of boots
Stlth   ..........              (no amulet)
HPRegen 0.13/turn               (no ring)
MPRegen 0.08/turn               (no ring)

@: no status effects
A: horns 2, retaliatory headbutt
a: no special abilities


You were on level 3 of the Dungeon.
You visited 1 branch of the dungeon, and saw 3 of its levels.

You collected 124 gold pieces.

Inventory:

Hand Weapons
 a - a +0 war axe (weapon)
Armour
 b - a +0 scale mail (worn)
 c - a +0 buckler (worn)
 m - a +0 pair of boots (worn)
Jewellery
 i - a ring of resist corrosion
 n - a ring of ice
Scrolls
 e - a scroll of enchant armour {unknown}
 f - a scroll of summoning {unknown}
 h - 3 scrolls of identify {unknown}
 k - a scroll of brand weapon {unknown}
 l - a scroll of amnesia {unknown}
Potions
 d - a potion of might
 g - a potion of curing {unknown}
 j - a potion of brilliance {unknown}
 o - a potion of lignification {unknown}


   Skills:
 + Level 4.2 Fighting
 + Level 3.6 Axes
 + Level 4.6 Armour
 + Level 0.3 Dodging
 + Level 4.0 Shields


You had 3 spell levels left.
You didn't know any spells.
Your spell library was empty.

Dungeon Overview and Level Annotations

Branches:
Dungeon (3/15)

Altars:
Dithmenos

Shops:
D:3 (=?(


Innate Abilities, Weirdness & Mutations

You have a pair of horns on your head.
You reflexively headbutt those who attack you in melee.


Message History

You kill the endoplasm!
The kobold barely misses you. The adder bites you but does no damage.
You miss the adder. Your headbutt misses the adder. You slash the kobold!
You kill the kobold!
You block the adder's attack.
You closely miss the adder. Your headbutt misses the adder.
You closely miss the rat. You block the adder's attack.
The rat barely misses you. You furiously retaliate!
You headbutt the rat, but do no damage. The adder bites you but does no damage.
The rat bites you but does no damage. You block the gnoll's attack.
You completely miss the adder. You headbutt the adder.
The adder is lightly wounded.
You slash the rat!
You kill the rat!
The adder bites you.
The gnoll hits you from afar with a +0 halberd!
The adder closely misses you. You furiously retaliate!
You headbutt the adder. You miss the adder.
The adder is lightly wounded.
You slash the hobgoblin!
You kill the hobgoblin!
The adder bites you but does no damage.
The gnoll hits you from afar with a +0 halberd.
The adder bites you but does no damage.
The gnoll hits you from afar with a +0 halberd.
You closely miss the adder. Your headbutt misses the adder.
The adder is lightly wounded.
A quokka comes into view.
The adder bites you but does no damage.
The gnoll hits you from afar with a +0 halberd.
The quokka moves out of view.
You slash the adder!
You kill the adder!
The gnoll hits you from afar with a +0 halberd!
* * * LOW HITPOINT WARNING * * *
The gnoll closely misses you.
Items here: )) ††.
You closely miss the gnoll. You block the gnoll's attack.
The gnoll hits you with a +0 halberd.
You die...

#...# .#......#
. #.# #.####.#
.. .# #.# #.#
#.. # #.# #.#
#.. # #.# #.#
#.# ####.####
#...#.......# .
#...#)..#...#
..###.@...###..
#g###.# #'g .+
..)# #. .... .#
...... .# #...#
..#.


You could see a gnoll and a goblin.

Vanquished Creatures
  2 adders
  2 worms (D:3)
  3 dart slugs
  An orc (D:3)
  3 bats
  4 endoplasms
  A giant cockroach (D:1)
  8 goblins
  5 hobgoblins
  6 kobolds
  2 quokkas (D:2)
  8 ball pythons
  2 rats
47 creatures vanquished.

Notes
Turn   | Place    | Note
-------+----------+-------------------------------------------
     0 | D:1      | nshep25 the Minotaur Fighter began the quest for the Orb.
     0 | D:1      | Reached XP level 1. HP: 19/19 MP: 0/0
   225 | D:1      | Reached XP level 2. HP: 26/27 MP: 1/1
   846 | D:2      | Reached XP level 3. HP: 28/33 MP: 2/2
  1049 | D:2      | Found a faded altar of an unknown god.
  1451 | D:3      | Found Meymmimp's Jewellery Emporium.
  1462 | D:3      | Found Focw's Weapon Shoppe.
  1515 | D:3      | Found Jigimuga's Magic Scroll Emporium.
  1608 | D:3      | Found a shadowy altar of Dithmenos.
  1674 | D:3      | Found Kuugg's Weapon Emporium.
  1691 | D:3      | Reached XP level 4. HP: 40/40 MP: 3/3
  1703 | D:3      | Slain by a gnoll

Illustrated notes

Levels and vault maps discovered:
D:1:      evilmike_arrival_rings, layout_basic, amethyst_killhole
D:2:      layout_loops_ring, ebering_ecumenical_altar_box
D:3:      layout_basic, grunt_dithmenos_smoke_and_mirrors, serial_shops,
          nicolae_shop_crystal, nicolae_shop_stone,
          nicolae_shop_bloodbath_and_beyond, nicolae_shop_crystal,
          minmay_misc_feat_cross, hangedman_decor_points,
          minmay_fractal_squares_diagonal_5

Skill      XL: |  1  2 |
---------------+-------+-----
Armour         | 4 |  4.6
Fighting       | 4 |  4.2
Shields        | 4 |  4.0
Axes           | 3 |  3.6
Dodging        | |  0.3

Action                   |  1- 3 |  4- 6 || total
-------------------------+-------+-------++-------
Melee: War axe           |    66 |    12 ||    78
       Headbutt          |     8 |     2 ||    10
Armor: Scale mail        |    27 |     8 ||    35
Dodge: Dodged            |    25 |     6 ||    31
Block: Buckler           |    17 |     4 ||    21
